 Dungeon Crawl Stone Soup version 0.28.0-53-g5a82cb258f (webtiles) character file.

Game seed: 8107914646023763095

2375 bnorton916 the Arsonist (level 9, 0/45 HPs)
             Began as a Deep Elf Fire Elementalist on June 14, 2022.
             Was an Initiate of Gozag.
             Slain by Joseph
             ... wielding a +0 quarterstaff
              (18 damage)
             ... on level 7 of the Dungeon.
             The game lasted 00:12:26 (12096 turns).

bnorton916 the Arsonist (DEFE)                     Turns: 12096, Time: 00:12:26

Health: 0/45       AC:  9    Str:  4    XL:     9   Next: 21%
Magic:  9/22       EV: 12    Int: 24    God:    Gozag
Gold:   517        SH:  0    Dex: 16    Spells: 12/22 levels left

rFire   . . .      SeeInvis .   p - +1 whip (elec)
rCold   . . .      Faith    .   (no shield)
rNeg    + . .      Spirit   .   a - +0 robe
rPois   +          Reflect  .   g - +2 helmet
rElec   .          Harm     .   u - +2 ratskin cloak {*Rats rPois rN+ Str-1 Int-1 Dex+1}
rCorr   .          Rampage  .   (no gloves)
Will    .....                   i - +0 pair of boots
Stlth   ++........              (no amulet)
HPRegen 0.15/turn               (no ring)
MPRegen 0.18/turn               (no ring)

@: mighty, gold aura
A: no striking features
a: Renounce Religion, Potion Petition, Call Merchant, Bribe Branch


You were on level 7 of the Dungeon.
You worshipped Gozag.
Gozag was pleased with you.
You visited 2 branches of the dungeon, and saw 8 of its levels.

You collected 590 gold pieces.
You paid 73 gold pieces to Gozag.

Inventory:

Hand Weapons
 p - a +1 whip of electrocution (weapon)
Missiles
 c - 72 stones
 k - 6 atropa-tipped darts
 l - 8 javelins
 y - 6 poisoned darts
 z - a boomerang
Armour
 a - a +0 robe (worn)
 g - a +2 helmet (worn)
 i - a +0 pair of boots (worn)
 u - the +2 ratskin cloak (worn) {*Rats rPois rN+ Str-1 Int-1 Dex+1}
   (You found it on level 4 of the Dungeon)

   When the wearer is hurt, rats may emerge from it to assist them.
   Str:       It affects your strength (-1).
   Int:       It affects your intelligence (-1).
   Dex:       It affects your dexterity (+1).
   rPois:     It protects you from poison.
   rN:        It protects you from negative energy.
 A - the +2 leather armour of Gehopsul {rPois}
   (You found it on level 5 of the Dungeon)

   rPois:     It protects you from poison.
Wands
 v - a wand of flame (42)
Scrolls
 h - a scroll of brand weapon
 j - a scroll of enchant weapon
 m - a scroll of fog
Potions
 b - a potion of brilliance {unknown}
 d - 2 potions of attraction
 e - a potion of flight {unknown}
 n - a potion of berserk rage {unknown}
 q - a potion of might
 r - 2 potions of degeneration
 s - 2 potions of curing {unknown}
 w - a potion of magic {unknown}
 B - a potion of invisibility


   Skills:
 + Level 3.8 Armour
 - Level 2.4 Dodging
 - Level 2.4 Stealth
 - Level 7.4 Spellcasting
 + Level 7.9 Conjurations
 + Level 8.5 Fire Magic


You had 12 spell levels left.
You knew the following spells:

 Your Spells              Type           Power      Damage    Failure   Level
a - Foxfire               Conj/Fire      100%       2x1d9     1%          1
b - Scorch                Fire           100%       2d10      1%          2
c - Conjure Flame         Conj/Fire      48%        6-21      1%          3
d - Flame Wave            Conj/Fire      48%        2d10      2%          4

Your spell library contained the following spells:

 Spells                   Type           Power      Damage    Failure   Level
 Inner Flame              Hex/Fire       29%        N/A       3%          3


Dungeon Overview and Level Annotations

Branches:
Dungeon (7/15)             Temple (1/1) D:5

Altars:
Ashenzari
Cheibriados
Dithmenos
Elyvilon
Fedhas
Gozag
Hepliaklqana
Kikubaaqudgha
Makhleb
Nemelex Xobeh
Okawaru
Qazlal
Ru
Sif Muna
Trog
Uskayaw
Vehumet
Wu Jian
Xom
Yredelemnul
Zin
The Shining One

Shops:
D:3 (

Annotations:
D:2 1 runed translucent door, Crazy Yiuf
D:5 1 runed translucent door, MiltankisOP's ghost, amateur TrMo
D:7 Harold; Joseph


Message History

Joseph hits you with a +0 quarterstaff!
A hell rat scurries out from under your cloak.
Something hits you but does no damage.
Unknown command.
Really fire at your hell rat?
Okay, then.
You stop channeling waves of flame.
Joseph hits you with a +0 quarterstaff.
A hell rat scurries out from under your cloak.
Your hell rat bites Joseph!
Something hits you but does no damage.
Unknown command.
Casting: Flame Wave (dangerous; 2% risk of failure)
Confirm with . or Enter, or press ? or * to list all spells.
Casting: Flame Wave (dangerous; 2% risk of failure)
Press: ? - help, Dir - look around, f - activate Really fire at your hell rat?
A wave of flame ripples out!
The flame wave engulfs your hell rat!
Your hell rat is heavily wounded.
The flame wave engulfs something!!
Reactivating autopickup.
You feel a bit more experienced.
The flame wave engulfs Joseph.
Joseph is heavily wounded. (Press . to intensify the flame waves.) Joseph hits you with a +0 quarterstaff!
The hell rat is distracted by your dazzling golden aura.
The orc closely misses your hell rat.
The hell rat roars deafeningly!
Really fire at your hell rat?
A wave of flame ripples out!
The flame wave engulfs the hell rat!
The hell rat is almost dead.
The hell rat is no longer distracted by gold.
The flame wave engulfs your hell rat!
Your hell rat is severely wounded.
The flame wave engulfs Joseph!
Joseph is severely wounded.
The flame wave engulfs the orc!
You kill the orc!
The hell rat barely misses you.
Joseph hits you with a +0 quarterstaff!!
You die...
Your body crumbles into a pile of gold.

#########**,,,,,,,,,* #.
........,,,,********* #.
.......,,,,,* #. ......,,,,,,* #.
######*******########## #. #.#
*........* #. #.# *,#####,,* ###
##. #.# *,#r@$#*,* #.# #.. #.#
****,#@#.##.#####.###.# #.#
*,,,,#r#.##...........# #.#
****,.$#.#*######.#.### ####.##
*.###.########.#.# ..##..#
#.**#..........#.## #.###.#
#,##<##########...## #.# #>#
#####.##.* #..#... #.#
#.####.....##@** #....##
#.###..............***#####.#.###


You could see Joseph and 2 hell rats.

Vanquished Creatures
  2 centaur zombies
  Eustachio (D:6)
  Menkaure (D:7)
  Edmund (D:4)
  2 sky beasts
  2 ogres
  A phantom (D:5)
  A kobold brigand (D:7)
  A wyvern zombie (D:6)
  2 scorpions (D:4)
  A water moccasin skeleton (D:5)
  A howler monkey (D:6)
  2 bullfrog zombies (D:6)
  2 orc priests
  A centaur skeleton (D:4)
  2 hounds (D:5)
  2 bullfrog skeletons
  2 orc wizards
  A hound skeleton (D:5)
  2 howler monkey zombies
  3 adders
  A shadow imp (D:5)
  2 white imps
  An ufetubus (D:7)
  2 adder skeletons (D:4)
  A dart slug (D:3)
  17 orcs
  7 ball pythons
  5 bats
  5 endoplasms
  5 giant cockroaches
  4 goblins
  5 hobgoblins
  5 jackals (D:2)
  7 kobolds
  3 quokkas
  3 frilled lizards
  6 rats
112 creatures vanquished.

Vanquished Creatures (collateral kills)
  Prince Ribbit (D:5)
  A necrophage (D:7)
  An orc priest (D:6)
  A hound (D:5)
  A killer bee zombie (D:6)
  An orc (D:6)
6 creatures vanquished.

Vanquished Creatures (others)
  460 foxfires
  2 fungi (D:2)
462 creatures vanquished.

Grand Total: 580 creatures vanquished

Notes
Turn   | Place    | Note
-------+----------+-------------------------------------------
     0 | D:1      | bnorton916 the Deep Elf Fire Elementalist began the quest
                  | for the Orb.
     0 | D:1      | Reached XP level 1. HP: 10/10 MP: 6/6
   391 | D:1      | Reached XP level 2. HP: 15/15 MP: 4/8
  1532 | D:2      | Reached XP level 3. HP: 19/19 MP: 7/10
  1863 | D:2      | Found a runed translucent door.
  1864 | D:2      | Noticed Crazy Yiuf
  1878 | D:2      | Learned a level 2 spell: Scorch
  2261 | D:2      | Reached skill level 4 in Fire Magic
  3150 | D:3      | Reached XP level 4. HP: 24/24 MP: 7/12
  3284 | D:3      | Found Canuit's Weapon Shop.
  3719 | D:4      | Noticed a scorpion
  3729 | D:4      | Learned a level 3 spell: Conjure Flame
  3741 | D:4      | Killed a scorpion
  3742 | D:4      | Reached XP level 5. HP: 13/28 MP: 4/14
  4472 | D:4      | Found the +2 ratskin cloak {*Rats rPois rN+ Str-1 Int-1
                  | Dex+1}
  4561 | D:4      | Reached skill level 5 in Spellcasting
  4665 | D:4      | Noticed Edmund
  5673 | D:4      | Found a hazy altar of Hepliaklqana.
  5742 | D:4      | Killed Edmund
  5743 | D:4      | Reached skill level 5 in Fire Magic
  5743 | D:4      | Reached XP level 6. HP: 13/32 MP: 2/16
  6832 | D:4      | Found a sacrificial altar of Ru.
  6915 | D:5      | Entered Level 5 of the Dungeon
  6977 | D:5      | Noticed MiltankisOP's ghost (amateur TrMo)
  6995 | D:5      | Reached skill level 5 in Conjurations
  6995 | D:5      | Reached skill level 6 in Fire Magic
  6995 | D:5      | Reached XP level 7. HP: 18/36 MP: 12/19
  7354 | D:5      | Found a runed translucent door.
  7694 | D:5      | Found a bloodstained altar of Trog.
  7970 | D:5      | Found a staircase to the Ecumenical Temple.
  7979 | Temple   | Entered the Ecumenical Temple
  8120 | Temple   | Became a worshipper of Gozag Ym Sagoz the Greedy
  8144 | D:5      | Identified the +2 leather armour of Gehopsul {rPois}
  8151 | D:5      | Learned a level 4 spell: Flame Wave
  8222 | D:5      | Found a shadowy altar of Dithmenos.
  8245 | D:5      | Reached XP level 8. HP: 41/41 MP: 15/21
  8908 | D:6      | Noticed Prince Ribbit
  8919 | D:5      | Killed Prince Ribbit
  8920 | D:5      | Reached skill level 1 in Armour
  8920 | D:5      | Reached skill level 7 in Fire Magic
  9853 | D:6      | Noticed Eustachio
 10448 | D:6      | Killed Eustachio
 10842 | D:6      | Found a basalt altar of Yredelemnul.
 10852 | D:6      | Reached skill level 8 in Fire Magic
 11343 | D:6      | Found a glowing silver altar of Zin.
 11397 | D:7      | Reached XP level 9. HP: 45/45 MP: 13/22
 11935 | D:7      | Noticed Joseph
 12040 | D:7      | Noticed Harold
 12074 | D:7      | Noticed Menkaure
 12080 | D:7      | Killed Menkaure
 12096 | D:7      | Slain by Joseph

Illustrated notes

Levels and vault maps discovered:
D:1:      dpeg_arrival_rhombus, layout_basic, minmay_tromino_v4_b
D:2:      layout_basic, uniq_crazy_yiuf_cottage
D:3:      layout_basic, serial_shops, nicolae_square_shop, grunt_decor_arrowhead
D:4:      layout_loops_corners, nicolae_ru_path_of_blood,
          nzn_hepliaklqana_mist_gate, uniq_edmund
D:5:      layout_loops_corners, mainiacjoe_overflow_catwalk,
          nicolae_dithmenos_through_a_glass_darkly,
          minmay_temple_entry_mini_moons, hellmonk_ghost_happy_afterlife
D:6:      layout_cave_pools, zin_scriptorium, nicolae_yredelemnul_corpse_copse,
          uniq_prince_ribbit1, uniq_eustachio
D:7:      layout_loops_ring, serial_co_window_serial,
          co_window_of_opportunity_a, co_window_paths_b,
          co_window_of_opportunity_a, co_window_paths_a, co_window_paths_a,
          co_window_paths_a, co_window_of_opportunity_a, co_window_cross_1,
          co_window_cross_1, co_window_2corner, co_window_broadway_a,
          co_window_of_opportunity_b, co_window_broadway_c, co_window_corner_b,
          co_window_paths_d, chequers_decorated_corner, uniq_menkaure,
          uniq_harold, uniq_joseph
Temple:   eino_temple_scatter_basement

Skill      XL: |  1  2  3  4  5  6  7  8 |
---------------+-------------------------+-----
Conjurations   | 2 3 4 5 7 |  7.9
Spellcasting   | 4 5 7 |  7.4
Fire Magic     | 4 5 6 8 |  8.5
Armour         | 3 |  3.8
Dodging        | |  2.4
Stealth        | |  2.4

Action                   |  1- 3 |  4- 6 |  7- 9 || total
-------------------------+-------+-------+-------++-------
Melee: Whip              |       |       |     6 ||     6
 Cast: Foxfire           |   127 |    56 |    94 ||   277
       Scorch            |       |    21 |    44 ||    65
       Conjure Flame     |       |     6 |     1 ||     7
       Flame Wave        |       |       |     2 ||     2
  Use: Scroll            |       |       |    13 ||    13
       Potion            |       |       |     3 ||     3
Armor: Robe              |     3 |    22 |    33 ||    58
Dodge: Dodged            |    16 |    20 |    39 ||    75
